cohdb
Replays
Latest Replays
All Replays
Popular Replays
Top Player Replays
Match Explorer
How It Works
Community
CoH3 Stats
Reddit
Sign in to upload your games and track your stats! →
Sign in with Steam
Match 42932345
Unlisted
Match 42932345
Overview
Messages
Build Orders
End
Construct Section Command Post
Infantry Section
Dingo Light Scout Car
Infantry Section
Grenade Package
Infantry Section
Infantry Section
Construct Platoon Command Post
6-pounder Anti-tank Gun Team
Selects Air and Sea Battlegroup
Selects Commando Section Paradrop
Selects Commando Support Section Paradrop
Selects Supply Surplus
Commando Section Paradrop
Commando Support Section Paradrop
Construct Company Command Post
Crusader II Medium Tank
Foot Guards Section
Selects Anti-tank Rocket Loiter
Anti-tank Rocket Loiter
Anti-tank Rocket Loiter
[PD] PragerSchinken
Tok3n x Operator
renmeri
SharkLuv3r
敏捷的胖子
栋栋Kimtung
Ukeysun
歪咔曲啃(绝地逃兵)
0
0
Comments
sign in to comment!
No comments posted yet!